 Dungeon Crawl Stone Soup version 0.16-a0-2558-g6680ffd (webtiles) character file.

152323 RobertPalmer the Black Belt (level 17, -5/135 HPs)
             Began as a Demonspawn Transmuter on Nov 12, 2014.
             Was a High Priest of Ru.
             Slain by a black mamba (9 damage)
             ... on level 5 of the Snake Pit on Nov 20, 2014.
             The game lasted 02:14:38 (34426 turns).

RobertPalmer the Black Belt (DsTm)                 Turns: 34426, Time: 02:14:38

Health: -5/135     AC: 12    Str: 10    XL:     17   Next: 2%
Magic:  11/27      EV: 21    Int: 19    God:    Ru [*****.]
Gold:   646        SH:  0    Dex: 20    Spells: 9 memorised, 3 levels left

rFire  + . .     SeeInvis +     b - melded staff of energy {!a}
rCold  . . .     Clarity  +     M - +3 leather armour {rPois}
rNeg   + + .     SustAb   .     (shield unavailable)
rPois  +         Gourm    .     G - +2 helmet {Int+3}
rElec  .         Spirit   .     U - +2 cloak of the Thief {+Fog Slay-2 SInv Stlth+}
rCorr  .         Warding  .     R - melded +0 pair of gloves
rMut   .         Stasis   .     (boots unavailable)
MR     ++++.                    T - amulet of the Four Winds {Clar rN+ MR+++}
Stlth  ++++......               x - +4 ring of slaying
                                (ring unavailable)

@: exhausted, blade hand, very slightly contaminated, repel missiles, incredibly
resistant to hostile enchantments, stealthy
A: talons 3, repulsion field 2, camouflage 1, demonic guardian 2, fire
resistance 1, low mp 1, negative energy resistance 1, flame cloud immunity,
missing a hand, inability to train armour, no earth magic, no hexes magic, no
summoning magic
a: End Transformation, Draw Out Power, Power Leap, Apocalypse, Renounce
Religion, Evoke Fog


You were on level 5 of the Snake Pit.
You worshipped Ru.
Ru was extremely pleased with you.
You were hungry.
You had blades for hand.
You visited 3 branches of the dungeon, and saw 28 of its levels.
You visited 1 bazaar.
You also visited: Ossuary.

You collected 2287 gold pieces.
You spent 1641 gold pieces at shops.


Innate Abilities, Weirdness & Mutations

You have claws for feet.
You are surrounded by a moderate repulsion field (EV +3).
A demonic guardian rushes to your aid.
Your flesh is heat resistant.
Your magical capacity is low (-10% MP).
You resist negative energy.
You are immune to clouds of flame.
You are missing a hand.
You cannot train your Armour skill.
You cannot study or cast Earth magic.
You cannot study or cast Hexes magic.
You cannot study or cast Summoning magic.
Your skin changes colour to match your surroundings (Stealth).


   Skills:
 - Level 12.5 Fighting
 - Level 9.0 Dodging
 + Level 15.3 Unarmed Combat
 - Level 7.0 Spellcasting
 - Level 9.5 Conjurations
 - Level 3.6 Charms
 - Level 5.7 Necromancy
 - Level 9.3 Translocations
 - Level 10.6 Transmutations
 - Level 5.5 Evocations


You had 3 spell levels left.
You knew the following spells:

 Your Spells              Type           Power        Failure   Level  Hunger
a - Phase Shift           Tloc           #####.....   41%         5    #####..
b - Blink                 Tloc           N/A          12%         2    None
c - Beastly Appendage     Trmt           #####.       10%         1    None
d - Repel Missiles        Chrm/Air       ##....       45%         2    None
e - Apportation           Tloc           #####.....   10%         1    None
v - Sticky Flame          Conj/Fire      ###.....     54%         4    ###....
x - Ice Form              Ice/Trmt       ####....     50%         4    ###....
z - Blade Hands           Trmt           #####.....   32%         5    #####..
P - Regeneration          Chrm/Necr      ###.......   36%         3    #......

Inventory:

Missiles
 d - 21 arrows
 E - 2 throwing nets (quivered)
Armour
 G - a +2 helmet of intelligence (worn)
 M - a +3 leather armour of poison resistance (worn)
 R - a +0 pair of gloves (melded)
 U - the +2 cloak of the Thief (worn) {+Fog Slay-2 SInv Stlth+}
   (You found it on level 12 of the Dungeon)

   It affects your accuracy and damage with ranged weapons and melee attacks
   (-2).
   It enhances your eyesight.
   It can be evoked to emit clouds of fog.
   It makes you more stealthy.
Magical staves
 b - an uncursed staff of energy (melded) {!a}
Jewellery
 m - an uncursed ring of sustain abilities
 o - an uncursed ring of flight
 w - an uncursed amulet of resist corrosion {unknown}
 x - a +4 ring of slaying (right scythe-like blade)
 A - an uncursed ring of teleportation
 S - an uncursed amulet of stasis
 T - the amulet of the Four Winds (around neck) {Clar rN+ MR+++}
   (You bought it in a shop in a bazaar)

   [amulet of clarity]

   It provides mental clarity.
   It protects you from negative energy.
   It affects your resistance to hostile enchantments.
 X - an uncursed amulet of resist mutation {unknown}
Magical devices
 l - a wand of digging (18)
 L - a wand of teleportation (4) {!d}
 P - a wand of cold (7)
 Y - a wand of cold (4)
Scrolls
 c - 3 scrolls of recharging
 g - 17 scrolls of remove curse
 j - 6 scrolls of immolation {!r}
 r - 3 scrolls of amnesia
 B - 8 scrolls of teleportation
 I - 2 scrolls of enchant weapon
 O - a scroll of torment {!r}
 W - 2 scrolls of magic mapping
 Z - a scroll of vulnerability {!r}
Potions
 h - 11 potions of agility
 k - 7 potions of brilliance
 n - a potion of flight
 p - a potion of resistance
 q - 6 potions of might
 s - a potion of cure mutation
 u - 5 potions of restore abilities
 v - 11 potions of curing
 D - 7 potions of haste
 H - 2 potions of berserk rage
 J - a potion of mutation {!q}
 V - 2 potions of magic
Books
 e - a book of Air
 F - a book of Clouds
 Q - a book of the Warp
Miscellaneous
 y - 2 phantom mirrors
 z - a lamp of fire
 N - a fan of gales
Comestibles
 a - 18 bread rations
 f - 23 fruits
 i - a royal jelly
 t - 9 beef jerkies
 C - 6 meat rations
 K - 5 poisonous chunks of flesh {@w1}

Dungeon Overview and Level Annotations

Branches:
Dungeon (15/15) Temple (0/1) D:4 D:6 Lair (8/8) D:9 Shoals (0/5) Lair:5 Snake (5/5) Lair:3 Slime (0/6) Lair:6 Orc (0/4) D:10 Vaults (0/5) D:13 Depths (0/5) D:15

Altars:
Cheibriados
Dithmenos
Elyvilon
Gozag
Makhleb
Ru
Sif Muna
Yredelemnul

Shops:
D:9 }[(:=   D:11 [   D:12 (   D:15 %!(   Snake:1 *

Annotations:
D:6 Prince Ribbit
D:12 runed door
Snake:4 Mara

#.......()≈≈≈≈≈≈≈≈≈≈≈≈.'.
#.......#)≈≈≈≈§≈§§§§≈≈.'SS
##.....##.≈≈≈≈≈≈§≈§≈≈§.'.
##...###..≈§≈≈§§≈§≈≈..#
##### ##.≈≈§§≈≈≈≈≈≈.#
#†S§§§≈§§≈≈..#
##.S3≈≈≈≈≈..# ##..SS§SS.##
###@SS.### ######


You could see 2 anacondas, a shock serpent, a mana viper, a guardian serpent, 3
black mambas and a friendly sun demon.


Message History

The black mamba dies!
The anaconda misses you.
You redirect the anaconda's attack!
The anaconda bites itself.
* * * LOW HITPOINT WARNING * * *
The anaconda constricts you.
A guardian serpent comes into view.
Unknown command.
Unknown command.
Unknown command.
Okay, then.
You escape the anaconda's grasp.
You blink.
A black mamba and a mana viper come into view.
The black mamba completely misses you. The black mamba closely misses you.
The guardian serpent begins to cast a spell, but is stunned by your will!
You miscast Blink.
You are very lightly contaminated with residual magic.
The floor and the ceiling briefly switch places.
The black mamba completely misses you. x2
The guardian serpent hits you.
* * * LOW HITPOINT WARNING * * *
The black mamba bites you!
* * * LOW HITPOINT WARNING * * *
The black mamba bites you.
* * * LOW HITPOINT WARNING * * *
The black mamba is illuminated in retribution by your will!
Unknown command.
Unknown command.
You blink.
The black mamba bites you!
You die...

Action                   |  1- 3 |  4- 6 |  7- 9 | 10-12 | 13-15 | 16-18 || total
-------------------------+-------+-------+-------+-------+-------+-------++-------
Melee: Unarmed           |   139 |   170 |   357 |   547 |  1339 |   380 ||  2932
 Fire: Blowgun           |       |     4 |       |       |       |       ||     4
 Cast: Beastly Appendage |    11 |    10 |    20 |       |       |       ||    41
       Spider Form       |       |       |    12 |     8 |       |       ||    20
       Blade Hands       |       |       |       |    91 |   157 |    51 ||   299
       Regeneration      |       |       |       |    22 |    94 |    39 ||   155
       Repel Missiles    |       |       |       |     1 |     1 |     9 ||    11
       Ice Form          |       |       |       |       |    39 |       ||    39
       Blink             |       |       |       |       |     4 |     7 ||    11
       Phase Shift       |       |       |       |       |     1 |    25 ||    26
       Sticky Flame      |       |       |       |       |     1 |     3 ||     4
Invok: Sacrifice Essence |       |       |       |     1 |       |       ||     1
       Sacrifice Durabil |       |       |       |     1 |       |       ||     1
       Sacrifice Arcana  |       |       |       |     1 |       |       ||     1
       Power Leap        |       |       |       |       |    12 |     3 ||    15
       Reject Sacrifices |       |       |       |       |     3 |       ||     3
       Draw Out Power    |       |       |       |       |     5 |     1 ||     6
       Sacrifice a Hand  |       |       |       |       |     1 |       ||     1
 Abil: End Transformatio |       |       |       |    33 |    72 |    28 ||   133
       Evoke Fog         |       |       |       |       |    20 |    21 ||    41
Evoke: Wand              |       |     1 |     3 |     3 |     3 |     1 ||    11
       Staff of energy   |       |       |       |    10 |     1 |    58 ||    69
       Fan of gales      |       |       |       |       |       |     2 ||     2
  Use: Scroll            |       |     2 |    23 |    16 |    15 |     2 ||    58
       Potion            |       |       |     1 |     7 |    10 |     5 ||    23
 Stab: Sleeping          |     1 |     1 |     1 |     1 |     4 |     3 ||    11
       Distracted        |       |       |     1 |     6 |    11 |     4 ||    22
       Invisible         |       |       |       |     2 |    21 |     9 ||    32
       Paralysed         |       |       |       |       |     9 |     2 ||    11
       Confused          |       |       |       |       |     1 |       ||     1
       Fleeing           |       |       |       |       |     1 |       ||     1
  Eat: Chunk             |     1 |     5 |    25 |    30 |    41 |    25 ||   127
       Bread ration      |     1 |       |       |       |       |       ||     1
       Pizza             |       |       |       |       |     3 |       ||     3
       Royal jelly       |       |       |       |       |     2 |       ||     2

Vault maps used:
D:1:      dpeg_arrival_chambers_temple_mockup
D:2:      led_sif_pool, uniq_jessica
D:3:      lemuel_crystal_altar, wad_floor_pattern_2, baited_tele_trap
D:4:      nicolae_ru_sacrificial_ziggurat, lemuel_crystal_altar,
          minmay_temple_entry_fiery, minmay_liquid_box, grunt_ministairs_1,
          hangedman_abyss_or_decor_lesser_grid, uniq_grinder
D:5:      first_bread, kennysheep_generic_room_5
D:6:      nicolae_gozag_cash_rules_everything_around_me,
          yredelemnul_altar_generic, minmay_temple_entry_poolview,
          uniq_prince_ribbit1
D:7:      elyvilon_altar_1, nicolae_ossuary_entry_plus, the_bakery,
          uniq_blork_the_orc
D:8:      uniq_pikel, uniq_duvessa
D:9:      minmay_lair_entry_grove, serial_shops, shop_fountains, shop,
          kennysheep_little_box, shop, shop
D:10:     hiddenorc2_lemuel
D:11:     serial_shops, shop, minmay_misc_feat_alley, grunt_decor_cap,
          uniq_nessos
D:12:     serial_shops, nicolae_shop_crystal, minivault_13, uniq_grum,
          uniq_erica
D:13:     david_vaults_5
D:14:     corexii_hall_statues_l
D:15:     gammafunk_enter_depths_forms, serial_shops, shop, shop, shop
Lair:1:   minivault_29, uniq_joseph
Lair:3:   minmay_snake_entry_six_corridors, basic_altar, st_stairs_8
Lair:4:   grunt_megastairs_1
Lair:5:   beast_lair_carwin_large_1, minmay_shoals_entry_beasts,
          serial_bayou_crossing
Lair:6:   dpeg_slime_entry_corner, grunt_megastairs_3
Lair:7:   minivault_23, roderic_carrion_pond
Lair:8:   minmay_lair_end_frog_pond, uniq_nergalle
Snake:1:  serial_shops, shop, basic_altar, grunt_ministairs_9, lemuel_fruit_tree
Snake:2:  special_room, serial_shops, statue_bzr
Snake:4:  uniq_mara
Snake:5:  snake_pit_salamanders_mu, basic_altar
Bazaar:   bazaar_jpeg_ninerooms_1
Ossuary:  ossuary_minmay_tomb_2a

Notes
Turn   | Place    | Note
--------------------------------------------------------------
     0 | D:1      | RobertPalmer, the Demonspawn Transmuter, began the quest for the Orb.
     0 | D:1      | Reached XP level 1. HP: 15/15 MP: 3/3
   287 | D:1      | Reached skill level 3 in Unarmed Combat
   376 | D:1      | Gained mutation: You are surrounded by a mild repulsion field (EV +2). [demonic ancestry]
   376 | D:1      | Reached XP level 2. HP: 8/21 MP: 4/4
   980 | D:2      | Noticed Jessica
   988 | D:2      | Killed Jessica
   988 | D:2      | Gained mutation: A weak demonic guardian rushes to your aid. [demonic ancestry]
   988 | D:2      | Reached XP level 3. HP: 16/26 MP: 3/6
  1253 | D:2      | Reached skill level 4 in Unarmed Combat
  1821 | D:2      | Gained mutation: You have sharp toenails. [demonic ancestry]
  1821 | D:2      | Reached XP level 4. HP: 14/32 MP: 7/7
  2239 | D:2      | Found a deep blue altar of Sif Muna.
  2305 | D:3      | Found a shadowy altar of Dithmenos.
  2695 | D:3      | Reached skill level 5 in Unarmed Combat
  2856 | D:3      | Reached skill level 2 in Dodging
  3116 | D:4      | Gained mutation: A demonic guardian rushes to your aid. [demonic ancestry]
  3116 | D:4      | Reached XP level 5. HP: 28/37 MP: 6/9
  3139 | D:4      | Found a snail-covered altar of Cheibriados.
  3272 | D:4      | Reached skill level 3 in Dodging
  3369 | D:4      | Found a sacrificial altar of Ru.
  3412 | D:4      | Became a worshipper of Ru the Awakened
  3599 | D:4      | Reached XP level 6. HP: 34/43 MP: 10/10
  3637 | D:4      | Noticed an ogre
  3653 | D:4      | Killed an ogre
  3653 | D:4      | Reached skill level 4 in Dodging
  3861 | D:4      | Noticed Grinder
  3861 | D:4      | Paralysed by Grinder for 5 turns
  3878 | D:4      | Killed Grinder
  3878 | D:4      | Reached skill level 5 in Dodging
  3878 | D:4      | Gained mutation: Your flesh is heat resistant. [demonic ancestry]
  3878 | D:4      | Reached XP level 7. HP: 35/48 MP: 12/12
  4273 | D:4      | Found a staircase to the Ecumenical Temple.
  4312 | D:5      | Entered Level 5 of the Dungeon
  4643 | D:5      | Reached skill level 6 in Unarmed Combat
  4873 | D:5      | Upgraded the game from 0.16-a0-2072-gc0ac6de to 0.16-a0-2093-g8c923f7
  4980 | D:6      | Found a staircase to the Ecumenical Temple.
  4981 | D:6      | Noticed Prince Ribbit
  5225 | D:6      | Found an opulent altar of Gozag.
  5550 | D:6      | Reached skill level 7 in Unarmed Combat
  5550 | D:6      | Reached XP level 8. HP: 47/54 MP: 11/13
  5696 | D:6      | Found a basalt altar of Yredelemnul.
  6139 | D:7      | Noticed a hill giant
  6158 | D:7      | Killed a hill giant
  6158 | D:7      | Reached skill level 8 in Unarmed Combat
  6167 | D:7      | Found a sand-covered staircase.
  6203 | Ossuary  | Entered an ossuary
  6220 | Ossuary  | Reached skill level 2 in Transmutations
  6506 | Ossuary  | Reached skill level 3 in Transmutations
  6722 | D:7      | Reached skill level 4 in Transmutations
  6818 | D:7      | Noticed Blork the orc
  6845 | D:7      | Killed Blork the orc
  7267 | D:7      | Found a white marble altar of Elyvilon.
  7277 | D:7      | Reached skill level 5 in Transmutations
  7277 | D:7      | Gained mutation: You are immune to clouds of flame. [demonic ancestry]
  7277 | D:7      | Reached XP level 9. HP: 59/59 MP: 14/14
  7603 | D:6      | Learned a level 3 spell: Spider Form
  7842 | D:7      | Reached skill level 6 in Transmutations
  9050 | D:8      | Reached skill level 7 in Transmutations
  9054 | D:8      | Noticed Duvessa
  9056 | D:8      | Noticed Dowan
  9057 | D:8      | Killed Duvessa
  9061 | D:8      | Killed Dowan
  9064 | D:8      | Noticed Pikel
  9070 | D:8      | Killed Pikel
  9070 | D:8      | Reached skill level 8 in Transmutations
  9409 | D:8      | Identified a scroll of acquirement
  9498 | D:9      | Learned a level 5 spell: Blade Hands
  9502 | D:9      | Learned a level 3 spell: Regeneration
  9722 | D:9      | Reached skill level 9 in Transmutations
  9733 | D:9      | Found Caoqat Bro's Jewellery Shop.
  9738 | D:9      | Bought an uncursed ring of protection from magic for 350 gold pieces
  9750 | D:9      | Found Faillair's Book Emporium.
  9799 | D:9      | Found Kiotin's Antique Weapon Boutique.
  9808 | D:9      | Reached XP level 10. HP: 50/65 MP: 12/16
  9828 | D:9      | Found a staircase to the Lair.
  9890 | D:9      | Found Heraav's Antique Armour Shoppe.
  9903 | D:9      | Bought a dyed leather armour for 62 gold pieces
  9998 | D:9      | Reached skill level 10 in Transmutations
 10100 | D:9      | Identified a wand of teleportation
 10481 | D:9      | Found Sopp's Gadget Shoppe.
 10498 | D:9      | Upgraded the game from 0.16-a0-2093-g8c923f7 to 0.16-a0-2145-g6af420d
 10522 | Lair:1   | Entered Level 1 of the Lair of Beasts
 10660 | Lair:1   | Reached skill level 2 in Fighting
 10670 | Lair:1   | Gained mutation: Your magical capacity is low (-10% MP). [Ru sacrifice]
 10701 | Lair:1   | Noticed Joseph
 10714 | Lair:1   | Killed Joseph
 10756 | Lair:1   | Identified 2 potions of resistance
 10794 | Lair:1   | Noticed a six-headed hydra
 10801 | Lair:1   | Killed a six-headed hydra
 10801 | Lair:1   | Reached skill level 4 in Fighting
 10942 | Lair:1   | Reached skill level 5 in Fighting
 10969 | Lair:1   | Reached skill level 6 in Fighting
 11213 | Lair:1   | Reached skill level 1 in Necromancy
 11329 | Lair:1   | Reached skill level 2 in Necromancy
 11354 | Lair:1   | Gained mutation: You have razor-sharp toenails. [demonic ancestry]
 11354 | Lair:1   | Reached XP level 11. HP: 75/81 MP: 5/15
 11360 | Lair:1   | Reached skill level 3 in Necromancy
 11403 | Lair:1   | Reached skill level 4 in Necromancy
 11757 | Lair:1   | Reached skill level 5 in Necromancy
 12082 | Lair:2   | Reached skill level 1 in Charms
 12267 | Lair:2   | Reached skill level 2 in Charms
 12472 | Lair:2   | Noticed a four-headed hydra
 12481 | Lair:2   | Killed a four-headed hydra
 12481 | Lair:2   | Reached skill level 3 in Charms
 12961 | Lair:2   | Reached skill level 1 in Shields
 12974 | Lair:2   | Reached skill level 2 in Shields
 13242 | Lair:3   | Gained mutation: You cannot train your Armour skill. [Ru sacrifice]
 13242 | Lair:3   | Acquired Ru's first power
 13242 | Lair:3   | Acquired Ru's second power
 13340 | Lair:3   | Reached skill level 3 in Shields
 13343 | Lair:3   | Found a staircase to the Snake Pit.
 13461 | Lair:3   | Reached skill level 4 in Shields
 13744 | Lair:3   | Found a snail-covered altar of Cheibriados.
 14106 | Lair:3   | Reached skill level 5 in Shields
 14148 | Lair:3   | Upgraded the game from 0.16-a0-2145-g6af420d to 0.16-a0-2179-gb75b79b
 14221 | Lair:3   | Learned a level 2 spell: Blink
 14275 | Lair:3   | Noticed a catoblepas
 14284 | Lair:3   | Killed a catoblepas
 14352 | Lair:3   | Reached skill level 9 in Unarmed Combat
 14583 | Lair:4   | Reached XP level 12. HP: 64/88 MP: 2/16
 14595 | Lair:4   | Reached skill level 10 in Unarmed Combat
 14778 | Lair:4   | Noticed a four-headed hydra
 14802 | Lair:4   | Killed a four-headed hydra
 14840 | Lair:4   | Reached skill level 3 in Spellcasting
 14854 | Lair:4   | Gained mutation: You cannot study or cast Summoning magic. [Ru sacrifice]
 14854 | Lair:4   | Gained mutation: You cannot study or cast Hexes magic. [Ru sacrifice]
 14854 | Lair:4   | Gained mutation: You cannot study or cast Earth magic. [Ru sacrifice]
 14854 | Lair:4   | Acquired Ru's third power
 15402 | Lair:4   | Reached skill level 4 in Spellcasting
 15414 | Lair:4   | Learned a level 2 spell: Repel Missiles
 15416 | Lair:4   | Learned a level 1 spell: Apportation
 15564 | Lair:5   | Reached skill level 5 in Spellcasting
 15800 | Lair:5   | Found a staircase to the Shoals.
 15810 | Lair:5   | Reached skill level 6 in Spellcasting
 16077 | Lair:5   | Learned a level 4 spell: Ice Form
 16077 | Lair:5   | Upgraded the game from 0.16-a0-2179-gb75b79b to 0.16-a0-2296-gdce89d5
 16219 | Lair:5   | Reached skill level 6 in Dodging
 16494 | Lair:5   | Reached skill level 7 in Dodging
 16601 | Lair:5   | Reached skill level 8 in Dodging
 17183 | Lair:6   | Reached skill level 1 in Evocations
 17244 | Lair:6   | Reached skill level 2 in Evocations
 17290 | Lair:6   | Reached skill level 3 in Evocations
 17511 | Lair:6   | Reached skill level 4 in Evocations
 17519 | Lair:6   | Noticed an eight-headed hydra
 17555 | Lair:6   | Killed an eight-headed hydra
 17555 | Lair:6   | Gained mutation: You are surrounded by a moderate repulsion field (EV +3). [demonic ancestry]
 17555 | Lair:6   | Reached XP level 13. HP: 57/93 MP: 21/24
 17659 | Lair:6   | Found a staircase to the Slime Pits.
 17759 | Lair:6   | Reached skill level 5 in Evocations
 17771 | Lair:6   | Noticed a six-headed hydra
 17783 | Lair:6   | Killed a six-headed hydra
 18879 | Lair:7   | Noticed Kraw's ghost (powerful HaAs)
 18916 | Lair:7   | Killed Kraw's ghost
 18981 | Lair:8   | Entered Level 8 of the Lair of Beasts
 19065 | Lair:8   | Noticed Nergalle
 19074 | Lair:8   | Killed Nergalle
 19076 | Lair:8   | Reached skill level 11 in Unarmed Combat
 19419 | Lair:8   | Reached skill level 7 in Fighting
 19885 | Lair:8   | Reached skill level 8 in Fighting
 19922 | Lair:8   | Upgraded the game from 0.16-a0-2296-gdce89d5 to 0.16-a0-2400-g1eca9a7
 20311 | Lair:8   | Reached skill level 9 in Fighting
 20886 | D:10     | Entered Level 10 of the Dungeon
 20957 | D:10     | Found a staircase to the Orcish Mines.
 21354 | D:10     | Gained mutation: You are missing a hand. [Ru sacrifice]
 21354 | D:10     | Reduced skill Shields to level 0
 21354 | D:10     | Acquired Ru's fourth power
 21354 | D:10     | Acquired Ru's fifth power
 21434 | D:10     | Reached skill level 10 in Fighting
 21720 | D:11     | Found Fauffec's Armour Shop.
 21759 | D:11     | Noticed Nessos
 21768 | D:11     | Killed Nessos
 22269 | D:12     | Gained mutation: You have claws for feet. [demonic ancestry]
 22269 | D:12     | Reached XP level 14. HP: 111/111 MP: 21/24
 22453 | D:12     | Reached skill level 11 in Fighting
 22489 | D:12     | Found a runed door.
 22537 | D:12     | Noticed a sphinx
 22541 | D:12     | Killed a sphinx
 22618 | D:12     | Noticed Erica
 22625 | D:12     | Killed Erica
 22658 | D:12     | Gained mutation: You are clumsy. (Dex -2) [potion of mutation]
 22658 | D:12     | Gained mutation: Your body is slowly deteriorating. [potion of mutation]
 22658 | D:12     | Gained mutation: Your skin changes colour to match your surroundings (Stealth). [potion of mutation]
 22659 | D:12     | Lost mutation: You are clumsy. (Dex -2) [potion of cure mutation]
 22659 | D:12     | Lost mutation: Your body is slowly deteriorating. [potion of cure mutation]
 22734 | D:12     | Noticed Grum
 22745 | D:12     | Reached skill level 12 in Fighting
 22748 | D:12     | Killed Grum
 22775 | D:12     | Found Ohiocw's Antique Weapon Emporium.
 23621 | D:13     | Reached skill level 1 in Translocations
 23630 | D:13     | Reached skill level 2 in Translocations
 23650 | D:13     | Reached skill level 3 in Translocations
 23652 | D:13     | Found a gate to the Vaults.
 24036 | D:13     | Reached skill level 4 in Translocations
 24049 | D:13     | Learned a level 4 spell: Sticky Flame
 24228 | D:13     | Reached skill level 9 in Dodging
 24286 | D:14     | Reached skill level 1 in Conjurations
 24365 | D:14     | Reached skill level 2 in Conjurations
 24498 | D:14     | Reached skill level 3 in Conjurations
 24515 | D:14     | Reached skill level 4 in Conjurations
 24633 | D:14     | Reached skill level 5 in Conjurations
 25014 | D:14     | Reached skill level 6 in Conjurations
 25414 | D:15     | Entered Level 15 of the Dungeon
 25430 | D:15     | Reached skill level 7 in Conjurations
 25438 | D:15     | Gained mutation: You resist negative energy. [demonic ancestry]
 25438 | D:15     | Reached XP level 15. HP: 74/122 MP: 22/25
 25715 | D:15     | Reached skill level 8 in Conjurations
 25783 | D:15     | Found Klocs' Distillery.
 25792 | D:15     | Bought a potion of heal wounds for 70 gold pieces
 25792 | D:15     | Bought a potion of heal wounds for 70 gold pieces
 25792 | D:15     | Bought a potion of brilliance for 56 gold pieces
 25792 | D:15     | Bought a potion of haste for 140 gold pieces
 25792 | D:15     | Bought a potion of curing for 42 gold pieces
 25792 | D:15     | Bought a potion of mutation for 35 gold pieces
 25792 | D:15     | Bought a potion of curing for 42 gold pieces
 25792 | D:15     | Bought 2 potions of curing for 84 gold pieces
 25792 | D:15     | Bought a potion of brilliance for 56 gold pieces
 25792 | D:15     | Bought a potion of might for 56 gold pieces
 25792 | D:15     | Bought 2 potions of agility for 112 gold pieces
 25952 | D:15     | Found Ossiam's Weapon Shoppe.
 25988 | D:15     | Found Chicaicw's Food Emporium.
 26311 | D:15     | Found a staircase to the Depths.
 26430 | D:15     | Reached skill level 9 in Conjurations
 26792 | Snake:1  | Entered Level 1 of the Snake Pit
 27085 | Snake:1  | Found Kacegiev's General Store.
 27509 | Snake:1  | Found a white marble altar of Elyvilon.
 27672 | Snake:1  | Reached skill level 5 in Translocations
 28027 | Snake:2  | Found a gateway to a bazaar.
 28038 | Bazaar   | Entered a bazaar
 28071 | Bazaar   | Found Qucvapul's Armour Emporium.
 28079 | Bazaar   | Found Ivvuef's Jewellery Shop.
 28094 | Bazaar   | Found Ricuogiudo's Assorted Antiques.
 28108 | Bazaar   | Found Twaoga's Weapon Shop.
 28129 | Bazaar   | Found Jianoq's Gadget Shoppe.
 28227 | Bazaar   | Bought the amulet of the Four Winds {Clar rN+ MR+++} for 466 gold pieces
 28477 | Snake:2  | Reached skill level 6 in Translocations
 28783 | Snake:2  | Reached skill level 7 in Translocations
 29091 | Snake:2  | Reached skill level 8 in Translocations
 29859 | Snake:3  | Reached skill level 9 in Translocations
 30137 | Snake:3  | HP: 12/122 [naga warrior/spear (6)]
 30626 | Snake:3  | Reached skill level 7 in Spellcasting
 30640 | Snake:3  | Learned a level 5 spell: Phase Shift
 30997 | Snake:3  | Reached XP level 16. HP: 127/129 MP: 22/27
 31169 | Snake:3  | Upgraded the game from 0.16-a0-2400-g1eca9a7 to 0.16-a0-2445-g831fe5f
 31511 | Snake:4  | Reached skill level 12 in Unarmed Combat
 31706 | Snake:4  | Noticed Mara
 31715 | Snake:5  | Entered Level 5 of the Snake Pit
 32019 | Snake:5  | Upgraded the game from 0.16-a0-2445-g831fe5f to 0.16-a0-2558-g6680ffd
 32262 | Snake:5  | Found a burning altar of Makhleb.
 32571 | Snake:5  | Reached skill level 13 in Unarmed Combat
 33200 | Snake:5  | Reached skill level 14 in Unarmed Combat
 34032 | Snake:5  | Reached skill level 15 in Unarmed Combat
 34348 | Snake:5  | Reached XP level 17. HP: 97/135 MP: 3/27
 34425 | Snake:5  | HP: 6/135 [black mamba (17)]
 34426 | Snake:5  | Slain by a black mamba

Vanquished Creatures
  5 greater nagas
  The ghost of Kraw the Covert, a powerful HaAs of Trog (Lair:7)
  A vault guard (D:13)
  17 naga warriors
  2 hydras
  14 anacondas
  An alligator (shapeshifter) (D:12)
  2 death yaks (Lair:5)
  7 shock serpents
  16 naga sharpshooters
  6 salamander mystics (Snake:5)
  2 lindwurms (Snake:5)
  An unseen horror (D:12)
  An obsidian statue (Snake:2)
  9 hill giants
  6 naga ritualists
  10 mana vipers
  2 manticores (D:14)
  5 salamanders
  2 cyclopes
  2 griffons
  13 ugly things
  5 elephants
  6 guardian serpents
  33 black mambas
  3 centaur zombies
  15 spiny frogs
  A torpor snail (Lair:8)
  A queen ant (Lair:1)
  A gargoyle (D:11)
  14 naga magi
  2 kobold demonologists
  5 fire drakes
  A freezing wraith (D:12)
  A polar bear (Lair:8)
  3 trolls
  4 giant leeches (Lair:8)
  A wind drake (shapeshifter) (D:15)
  2 two-headed ogres
  16 slime creatures
  10 blink frogs
  A vampire (D:13)
  2 basilisks (D:14)
  6 redbacks (D:15)
  A shadow (D:15)
  32 yaks
  A trapdoor spider (D:11)
  3 wraiths
  2 hungry ghosts
  2 deep elf magi
  Grum (D:12)
  7 wyverns
  A steam dragon (shapeshifter) (D:15)
  15 wolves
  15 vampire mosquitoes
  15 hippogriffs
  13 soldier ants (Lair:1)
  26 water moccasins
  25 nagas
  A hell hound (D:14)
  5 necrophages
  2 yellow wasps
  7 orc warriors
  A sky beast (D:7)
  3 black bears
  15 porcupines
  A boggart (D:15)
  A boring beetle (Lair:8)
  An ice beast (D:12)
  5 centaurs
  5 ogres
  17 crocodiles
  2 big kobolds (D:9)
  Duvessa (D:8)
  Blork the orc (D:7)
  A brain worm (Lair:5)
  47 giant frogs
  A wyvern zombie (D:14)
  3 scorpions
  4 killer bees (D:12)
  16 wights
  6 electric eels
  Dowan (D:8)
  2 crimson imps
  2 human zombies (Ossuary)
  2 giant frog zombies
  10 orc priests
  11 hounds
  3 centaur skeletons
  A gnoll shaman (D:4)
  3 jellies
  23 worker ants
  A giant frog skeleton (D:5)
  11 orc wizards
  9 iguanas
  A killer bee zombie (D:9)
  25 sheep
  Jessica (D:2)
  A big kobold zombie (Ossuary)
  A hound zombie (Ossuary)
  4 mummies (Ossuary)
  4 gnolls (D:4)
  35 river rats
  28 adders
  5 shadow imps
  2 giant mites
  3 worms
  An iguana zombie (D:6)
  An adder zombie (Ossuary)
  3 giant geckos
  2 oozes
  60 orcs
  13 bats
  5 giant cockroaches
  9 goblins
  17 hobgoblins
  5 jackals
  23 kobolds
  4 ball pythons
  3 giant newts
  A giant spore (D:7)
  A goblin zombie (Ossuary)
  A hobgoblin skeleton (D:8)
  A hobgoblin zombie (Ossuary)
  2 kobold zombies
  2 orc zombies (D:9)
  10 quokkas
  16 rats
  13 ballistomycetes
  A fungus (Lair:5)
946 creatures vanquished.

Vanquished Creatures (collateral kills)
  A sphinx (D:12)
  3 greater nagas (Snake:5)
  An ettin (D:12)
  4 hydras
  An ogre mage (D:12)
  An anaconda (Snake:3)
  2 naga warriors (Snake:5)
  Nessos (D:11)
  Erica (D:12)
  2 death yaks (Lair:5)
  2 naga sharpshooters (Snake:5)
  A shock serpent (Snake:3)
  Nergalle (Lair:8)
  A catoblepas (Lair:3)
  2 lindwurms (Snake:5)
  2 hill giants
  Pikel (D:8)
  A griffon (Lair:5)
  An oklob plant (Lair:5)
  3 ugly things
  A manticore (Lair:5)
  3 elephants (Lair:5)
  2 salamanders
  Joseph (Lair:1)
  4 naga magi
  A guardian serpent (Snake:5)
  6 black mambas
  2 spiny frogs
  A fire drake (Lair:5)
  A fire drake (shapeshifter) (D:15)
  A blink frog (Lair:8)
  A giant leech (Lair:8)
  A harpy skeleton (D:15)
  Grinder (D:4)
  A two-headed ogre (D:8)
  2 slime creatures
  4 basilisks
  A freezing wraith (D:12)
  A spriggan (D:7)
  9 yaks
  A hippogriff (Lair:7)
  A wolf (Lair:4)
  4 wyverns (D:14)
  4 vampire mosquitoes
  7 soldier ants (Lair:1)
  7 nagas
  A phantom (D:8)
  2 orc warriors
  3 porcupines (D:9)
  An ogre (D:4)
  An eye of draining (D:8)
  An ice beast (D:5)
  2 boggarts (D:15)
  2 crocodiles (D:9)
  A giant frog (D:9)
  A scorpion (D:4)
  A quasit (D:9)
  A black bear zombie (D:8)
  An orc wizard (D:8)
  9 worker ants
  5 sheep (D:9)
  5 river rats
  A giant gecko (D:4)
  6 orcs
  2 ball pythons (Lair:3)
  A hobgoblin (D:8)
  3 jackals (D:4)
  2 kobolds
  A gnoll zombie (Ossuary)
  A goblin zombie (Ossuary)
  A kobold zombie (Ossuary)
  An orc skeleton (D:4)
  An orc zombie (Ossuary)
157 creatures vanquished.

Vanquished Creatures (others)
  19 sun demons
  26 soul eaters
  12 ice devils
  17 sixfirhies
  25 smoke demons
  2 air elementals (Snake:5)
  A yak (D:11)
  2 hippogriffs
  An ogre (D:10)
  A crimson imp (D:4)
  A quasit (D:4)
  A giant spore (D:12)
  A fungus (Lair:8)
  2 plants (Lair:8)
111 creatures vanquished.

Grand Total: 1214 creatures vanquished
